 Dungeon Crawl Stone Soup version 0.26-a0-651-gb41185065b (webtiles) character file.

Game seed: 15238148694106229941

130109 Flugslaktarn the Severer (level 16, -3/158 HPs)
             Began as a Deep Dwarf Fighter on Oct 6, 2020.
             Was the Champion of Makhleb.
             Hit by a death yak thrown by Polyphemus (12 damage)
             ... while petrified by you
             ... on level 2 of the Shoals.
             The game lasted 00:13:25 (14811 turns).

Flugslaktarn the Severer (Deep Dwarf Fighter)      Turns: 14811, Time: 00:13:26

Health: -3/158     AC: 28    Str: 27    XL:     16   Next: 22%
Magic:  4/4        EV:  2    Int: 14    God:    Makhleb [******]
Gold:   2019       SH:  0    Dex: 12    Spells: 15/15 levels left

rFire    x . .     SeeInvis +   P - +7 broad axe of Eye-covered Defence {vorpal, rF- rC+ Int+5}
rCold    + . .     Faith    +   Q - +0 tower shield
rNeg     + + +     Spirit   .   c - +2 plate armour {rPois}
rPois    ∞         Reflect  .   f - +2 helmet
rElec    .         Harm     .   e - +2 cloak
rCorr    .         Rampage  .   (no gloves)
MR       +++..                  u - +2 pair of boots
Stlth    ..........             G - amulet of faith
HPRegen  0.00/turn              m - ring of protection from magic
MPRegen  0.09/turn              i - ring of see invisible

@: petrified, afraid, non-regenerating, very slow
A: damage resistance, heal wounds, negative energy resistance 1, sense
surroundings 2, no regeneration
}: 1/15 runes: serpentine
a: Heal Wounds, Minor Destruction, Lesser Servant of Makhleb, Major Destruction,
Greater Servant of Makhleb, Renounce Religion


You were on level 2 of the Shoals.
You worshipped Makhleb.
Makhleb was exalted by your worship.
You visited 5 branches of the dungeon, and saw 27 of its levels.

You collected 2626 gold pieces.
You spent 607 gold pieces at shops.

Inventory:

Hand Weapons
 a - a +1 war axe
 D - a +0 war axe of draining
   (You took it off an orc warrior on level 1 of the Orcish Mines)
 P - the +7 broad axe of Eye-covered Defence (weapon) {vorpal, rF- rC+ Int+5}
   (You bought it in a shop on level 2 of the Orcish Mines)

   It inflicts extra damage upon your enemies.
   It affects your intelligence (+5).
   It makes you vulnerable to fire.
   It protects you from cold.
Missiles
 l - 3 throwing nets (quivered)
Armour
 c - a +2 plate armour of poison resistance (worn)
   (You took it off an orc knight on level 2 of the Orcish Mines)
 e - a +2 cloak (worn)
   (You took it off Crazy Yiuf on level 4 of the Dungeon)
 f - a +2 helmet (worn)
   (You found it on level 4 of the Dungeon)
 u - a +2 pair of boots (worn)
   (You found it on level 6 of the Dungeon)
 Q - a +0 tower shield (worn)
   (You took it off a vault guard on level 13 of the Dungeon)
Jewellery
 i - a ring of see invisible (right hand)
   (You found it on level 3 of the Lair of Beasts)
 k - an uncursed ring of resist corrosion
   (You found it on level 4 of the Dungeon)
 m - a ring of protection from magic (left hand)
   (You found it on level 1 of the Dungeon)
 o - an uncursed ring of poison resistance
   (You found it on level 7 of the Dungeon)
 G - an amulet of faith (around neck)
   (You found it on level 11 of the Dungeon)
Wands
 s - a wand of iceblast (3)
   (You found it on level 7 of the Dungeon)
 J - a wand of paralysis (3)
   (You found it on level 12 of the Dungeon)
 O - a wand of digging (6)
   (You found it on level 13 of the Dungeon)
Scrolls
 b - a scroll of enchant armour
 g - 5 scrolls of fog
 n - 3 scrolls of immolation
 r - a scroll of identify
 t - 9 scrolls of teleportation
 v - 3 scrolls of magic mapping
 x - 5 scrolls of remove curse
 z - 3 scrolls of blinking
 B - a scroll of fear {unknown}
 I - 4 scrolls of enchant weapon
 K - 3 scrolls of summoning
Potions
 d - 2 potions of might
 h - 2 potions of haste
 j - 3 potions of flight
 p - 2 potions of cancellation
 q - 4 potions of curing
 y - 3 potions of mutation
 A - a potion of stabbing {unknown}
 C - 4 potions of lignification {unknown}
 E - a potion of magic
 H - a potion of berserk rage {unknown}
 L - a potion of invisibility {unknown}
Miscellaneous
 F - a condenser vane (2/2)
   (You found it on level 4 of the Lair of Beasts)


   Skills:
 * Level 13.9 Fighting
 * Level 16.1 Axes
 + Level 12.1 Armour
 + Level 12.0 Shields
 - Level 15.0 Invocations
 - Level 10.0 Evocations


You had 15 spell levels left.
You didn't know any spells.
Your spell library was empty.

Dungeon Overview and Level Annotations

Branches:
Dungeon (15/15)            Temple (0/1) D:4            Lair (4/6) D:8
 Shoals (2/4) Lair:2        Snake (4/4) Lair:2          Orc (2/2) D:9
    Elf (0/3) Orc:2        Vaults (0/5) D:13         Depths (0/5) D:15

Altars:
Ashenzari
Cheibriados
Fedhas
Gozag
Hepliaklqana
Makhleb
Qazlal
Ru
Sif Muna
Uskayaw
Vehumet
Beogh

Shops:
D:5 *   D:9 [(?   D:11 ?   Orc:2 (?(*

Annotations:
D:8 1 exclusion
Shoals:2 Polyphemus


Innate Abilities, Weirdness & Mutations

You are resistant to damage.
You can heal yourself by infusing magical energy.
You resist negative energy. (rN+)
You passively map the area around you.
You do not regenerate.


Message History

Polyphemus hits you!
* * * LOW HITPOINT WARNING * * *
Polyphemus hits you but does no damage.
The death yak gores you but does no damage. x2
The satyr shoots an arrow.
The arrow barely misses you.
The arrow hits Polyphemus!!
You hear a splash.
Your green death stops moving altogether!
Polyphemus hits you.
* * * LOW HITPOINT WARNING * * *
Polyphemus hits you!
* * * LOW HITPOINT WARNING * * *
The death yak gores you but does no damage.
The death yak gores you!
* * * LOW HITPOINT WARNING * * *
The satyr shoots an arrow.
The arrow hits you!!
* * * LOW HITPOINT WARNING * * *
You hear a splash.
Polyphemus throws the death yak at you!
You die...

, , , ,,, ,, , ..... ....##
...§. ≈ , ,...≈.##../.
...≈.## ,,≈ ,, ,,
*#....#.≈≈###.≈≈≈.##.. ,≈
##...≈≈≈≈≈.##.≈≈≈..≈≈≈≈≈
....≈≈≈≈≈≈≈.c≈≈≈≈..≈≈≈≈≈
,,,,...≈≈≈≈≈≈≈≈≈≈≈.≈....≈..≈
, ,
,.≈≈≈≈≈≈YY)≈≈≈≈≈≈.......≈ *
,..≈≈≈≈C@2≈(...≈≈≈.....≈ ,,
, ,.......≈((.....≈≈≈.≈..≈≈
, , ..............(≈≈≈≈.≈≈≈≈
** ......$........(≈≈≈....≈
,.≈≈###..≈≈............. ..≈
#.........(...##.≈ ,≈
≈....#.....<....# ≈ ,≈
≈≈≈≈.##....>...≈≈..≈
≈..≈≈.........≈≈≈≈...


You could see Polyphemus (extremely poisoned), 2 death yaks, a satyr (scary) and
a friendly green death (summoned, petrified).

Vanquished Creatures
  Saint Roka (Orc:2)
  Roxanne (Shoals:1)
  3 nagarajas (Snake:4)
  Erolcha (D:10)
  2 rakshasas (D:15)
  An ice dragon (D:15)
  10 naga warriors
  3 hydras
  5 vault guards (D:13)
  A centaur warrior (D:13)
  4 anacondas
  A merfolk aquamancer (Shoals:1)
  Erica (D:10)
  A death knight (D:15)
  5 two-headed ogres
  5 orc high priests
  3 tengu warriors (D:13)
  6 shock serpents
  3 naga sharpshooters
  2 salamander mystics
  A skeletal warrior (D:15)
  9 sea snakes (Snake:4)
  3 unseen horrors (D:15)
  A wizard (D:13)
  4 naga ritualists
  Pikel (D:6)
  An orb spider (shapeshifter) (D:13)
  A wolf spider (D:14)
  6 orc sorcerers
  4 ugly things
  A manticore (D:14)
  6 orc knights
  A faun (Shoals:2)
  5 mana vipers
  7 salamanders
  3 elephants (Lair:4)
  A cyclops (D:11)
  5 guardian serpents (Snake:4)
  A merfolk siren (Shoals:1)
  7 naga magi
  13 black mambas
  3 cane toads
  3 gargoyles
  2 kobold demonologists
  2 komodo dragons
  A yaktaur (D:13)
  A queen bee (shapeshifter) (D:15)
  A wind drake (Shoals:2)
  4 tengu conjurers (D:13)
  A hornet (D:8)
  8 trolls
  5 hippogriffs
  Sigmund (D:5)
  A water elemental (Shoals:1)
  2 wraiths
  3 wyverns
  A basilisk (Lair:2)
  14 yaks
  A vampire (D:15)
  7 vampire mosquitoes
  3 wargs
  Edmund (D:4)
  An acid dragon (D:11)
  22 nagas
  A soldier ant (D:13)
  11 water moccasins
  4 porcupines
  Duvessa (D:6)
  6 ice beasts
  A sky beast (D:12)
  5 black bears
  An eye of draining (D:11)
  50 orc warriors
  2 necrophages
  22 ogres
  2 phantoms
  11 centaurs
  5 crocodiles
  5 big kobolds
  21 bullfrogs
  Dowan (D:6)
  A wyvern skeleton (D:7)
  6 scorpions
  10 killer bees
  29 wights
  2 howler monkeys
  2 bullfrog zombies
  4 centaur zombies
  4 jellies
  A lava snake (Snake:3)
  3 quasits
  9 hounds
  33 orc priests
  Crazy Yiuf (D:4)
  21 orc wizards
  4 bullfrog skeletons
  5 centaur skeletons
  Jessica (D:3)
  Ijyb (D:4)
  7 iguanas
  14 worker ants
  2 killer bee zombies
  A hound zombie (D:5)
  3 hound skeletons
  A howler monkey zombie (D:11)
  7 gnolls
  12 adders
  2 white imps (D:10)
  3 ufetubi
  2 oozes
  2 adder zombies
  3 adder skeletons
  A dart slug (D:2)
  6 leopard geckos
  129 orcs
  2 bats
  3 giant cockroaches
  28 kobolds
  3 quokkas
  4 ball pythons
  A ball python skeleton (D:4)
  A frilled lizard (D:4)
  An orc skeleton (D:8)
  A bush (Lair:4)
753 creatures vanquished.

Vanquished Creatures (collateral kills)
  2 nagarajas (Snake:4)
  Snorg (D:14)
  A naga warrior (Snake:4)
  An ice dragon (D:15)
  A centaur warrior (D:15)
  A catoblepas (Shoals:2)
  2 anacondas (Snake:3)
  A death yak (Shoals:2)
  A naga sharpshooter (Snake:4)
  3 skeletal warriors (D:15)
  A sea snake (Snake:4)
  A mana viper (Snake:4)
  2 salamanders (Snake:4)
  A black mamba (Snake:3)
  2 guardian serpents (Snake:4)
  A meliai zombie (D:15)
  A hippogriff (D:15)
  A water elemental (Shoals:1)
  A wyvern (D:15)
  3 yaks (Lair:3)
  7 nagas (Snake:4)
  2 orc warriors (Orc:2)
  2 lava snakes (Snake:3)
  An orc priest (Orc:2)
  An orc (Orc:2)
41 creatures vanquished.

Vanquished Creatures (others)
  A troll (D:13)
  A water elemental (Shoals:1)
  10 fungi
  15 plants
27 creatures vanquished.

Grand Total: 821 creatures vanquished

Notes
Turn   | Place    | Note
-------+----------+-------------------------------------------
     0 | D:1      | Flugslaktarn the Deep Dwarf Fighter began the quest for the
                  | Orb.
     0 | D:1      | Reached XP level 1. HP: 20/20 MP: 1/1
   100 | D:2      | Reached XP level 2. HP: 27/27 MP: 2/2
   118 | D:3      | Noticed Jessica
   124 | D:3      | Killed Jessica
   124 | D:3      | Reached XP level 3. HP: 34/34 MP: 3/3
   150 | D:3      | Found a blossoming altar of Fedhas.
   166 | D:4      | Noticed a scorpion
   176 | D:4      | Killed a scorpion
   176 | D:4      | Reached skill level 3 in Axes
   176 | D:4      | Reached XP level 4. HP: 17/42 MP: 4/4
   184 | D:4      | Noticed Edmund
   204 | D:4      | Killed Edmund
   204 | D:4      | Reached skill level 4 in Axes
   204 | D:4      | Reached XP level 5. HP: 26/50 MP: 5/5
   215 | D:4      | Found a burning altar of Makhleb.
   225 | D:4      | Noticed a green death
   230 | D:4      | Noticed an orange demon
   230 | D:4      | Noticed a hellwing
   231 | D:4      | Got a wavering brass amulet
   233 | D:4      | Became a worshipper of Makhleb the Destroyer
   239 | D:4      | Identified the amulet of Qerael Jusk {Inacc rPois Int+3}
                  | (You found it on level 4 of the Dungeon)
   420 | D:4      | Reached skill level 1 in Invocations
   420 | D:4      | Reached XP level 6. HP: 53/57 MP: 6/6
   496 | D:4      | Noticed Ijyb
   516 | D:4      | Killed Ijyb
   529 | D:4      | Found a staircase to the Ecumenical Temple.
   535 | D:4      | Reached skill level 5 in Axes
   535 | D:4      | Reached XP level 7. HP: 43/66 MP: 7/7
   650 | D:4      | Found a runed translucent door.
   651 | D:4      | Noticed Crazy Yiuf
   960 | D:4      | Killed Crazy Yiuf
   960 | D:4      | Reached * piety under Makhleb
   993 | D:5      | Entered Level 5 of the Dungeon
   998 | D:5      | Reached skill level 5 in Fighting
  1123 | D:5      | Found Xeuril's Elemental Accessories.
  1133 | D:5      | Found a shimmering blue altar of Sif Muna.
  1160 | D:5      | Noticed Sigmund
  1170 | D:5      | Reached skill level 5 in Shields
  1176 | D:5      | Killed Sigmund
  1176 | D:5      | Reached skill level 5 in Armour
  1177 | D:5      | Found a broken altar of Ashenzari.
  1228 | D:5      | Reached XP level 8. HP: 50/74 MP: 8/8
  1231 | D:5      | Reached skill level 6 in Axes
  1853 | D:6      | Found a hide-covered altar of Uskayaw.
  1853 | D:6      | Noticed Pikel
  1854 | D:6      | Noticed Duvessa
  1855 | D:6      | Noticed Dowan
  1886 | D:6      | Killed Pikel
  1886 | D:6      | Reached skill level 7 in Axes
  1900 | D:6      | Killed Duvessa
  1901 | D:6      | Gained mutation: You passively map the area around you.
                  | [Deep Dwarf growth]
  1901 | D:6      | Reached XP level 9. HP: 53/85 MP: 8/8
  1932 | D:6      | Killed Dowan
  1964 | D:6      | Reached ** piety under Makhleb
  2390 | D:6      | Reached skill level 5 in Invocations
  2586 | D:7      | Reached skill level 8 in Axes
  2748 | D:7      | Found a radiant altar of Vehumet.
  2748 | D:7      | Found a faded altar of an unknown god.
  2761 | D:7      | Found a faded altar of an unknown god.
  2781 | D:7      | Found a snail-covered altar of Cheibriados.
  2782 | D:7      | Found a hazy altar of Hepliaklqana.
  3149 | D:8      | Reached *** piety under Makhleb
  3210 | D:8      | Reached XP level 10. HP: 73/96 MP: 9/9
  3234 | D:8      | Reached skill level 9 in Axes
  3407 | D:8      | Found a staircase to the Lair.
  3455 | D:8      | Noticed a two-headed ogre
  3477 | D:8      | Killed a two-headed ogre
  3477 | D:8      | Reached skill level 1 in Evocations
  3567 | D:8      | Reached **** piety under Makhleb
  3937 | D:9      | Found Luosal's Armour Emporium.
  3937 | D:9      | Found a staircase to the Orcish Mines.
  3940 | D:9      | Found Cowots's Weapon Emporium.
  4105 | D:9      | Found Vuwemiet's Magic Scroll Emporium.
  4209 | D:9      | Reached skill level 10 in Axes
  4299 | D:9      | Noticed a two-headed ogre
  4309 | D:9      | Killed a two-headed ogre
  4484 | D:9      | Noticed a gargoyle
  4489 | D:9      | Killed a gargoyle
  4489 | D:9      | Reached XP level 11. HP: 95/104 MP: 8/8
  4614 | D:10     | Entered Level 10 of the Dungeon
  4614 | D:10     | Noticed Erolcha
  4616 | D:10     | Noticed Erica
  4628 | D:10     | Killed Erolcha
  4644 | D:10     | Killed Erica
  4850 | D:10     | Reached ***** piety under Makhleb
  5385 | D:11     | Found Miumaf's Magic Scroll Shop.
  5393 | D:11     | Bought a scroll of blinking for 82 gold pieces
  5629 | D:11     | Reached skill level 5 in Evocations
  5783 | D:11     | Reached skill level 11 in Axes
  5798 | D:11     | Noticed a white ugly thing
  5820 | D:11     | Killed a white ugly thing
  6634 | D:13     | Noticed a tengu warrior
  6643 | D:13     | Reached ****** piety under Makhleb
  6643 | D:13     | Reached XP level 12. HP: 82/116 MP: 9/9
  6653 | D:13     | Reached skill level 10 in Fighting
  6680 | D:13     | Killed a tengu warrior
  6721 | D:13     | Noticed a tengu warrior
  6737 | D:13     | Killed a tengu warrior
  6833 | D:13     | Noticed a tengu warrior
  6845 | D:13     | Killed a tengu warrior
  6964 | D:13     | Reached skill level 12 in Axes
  6968 | D:13     | Noticed a centaur warrior
  6983 | D:13     | Killed a centaur warrior
  7075 | D:13     | Noticed a vault guard
  7075 | D:13     | Noticed a vault guard
  7082 | D:13     | Noticed a vault guard
  7115 | D:13     | Killed a vault guard
  7141 | D:13     | Killed a vault guard
  7184 | D:13     | Killed a vault guard
  7184 | D:13     | Reached skill level 10 in Invocations
  7193 | D:13     | Found a gate to the Vaults.
  7193 | D:13     | Noticed a vault guard
  7194 | D:13     | Noticed a vault guard
  7205 | D:13     | Killed a vault guard
  7241 | D:13     | Killed a vault guard
  7543 | D:14     | Reached XP level 13. HP: 108/127 MP: 11/11
  7967 | D:14     | Noticed Snorg
  7979 | D:14     | Killed Snorg
  8047 | D:15     | Entered Level 15 of the Dungeon
  8261 | D:15     | Reached skill level 13 in Axes
  8380 | D:15     | Found a sacrificial altar of Ru.
  8652 | D:15     | Reached skill level 10 in Armour
  8689 | D:15     | Reached skill level 10 in Shields
  8900 | D:15     | Found a staircase to the Depths.
  9151 | D:15     | Identified a scroll of acquirement
  9151 | D:15     | Acquired 700 gold pieces
  9298 | Orc:1    | Entered Level 1 of the Orcish Mines
  9673 | Orc:1    | Found a roughly hewn altar of Beogh.
  9717 | Orc:2    | Entered Level 2 of the Orcish Mines
  9850 | Orc:2    | Gained mutation: You resist negative energy. (rN+) [Deep
                  | Dwarf growth]
  9850 | Orc:2    | Reached XP level 14. HP: 136/136 MP: 6/6
  9977 | Orc:2    | Found a roughly hewn altar of Beogh.
 10084 | Orc:2    | Found Demeaqod's Antique Weapon Emporium.
 10104 | Orc:2    | Found Deikethry's Magic Scroll Shoppe.
 10455 | Orc:2    | Found a staircase to the Elven Halls.
 10654 | Orc:2    | Noticed Saint Roka
 10729 | Orc:2    | Killed Saint Roka
 10729 | Orc:2    | Reached skill level 14 in Axes
 10739 | Orc:2    | Found a roughly hewn altar of Beogh.
 10787 | Orc:2    | Found Byosmeir's General Store.
 10847 | Orc:2    | Found Bicsui's Antique Weapon Boutique.
 10877 | Orc:2    | Bought a translucent broad axe for 234 gold pieces
 10877 | Orc:2    | Identified the +7 broad axe of Eye-covered Defence {vorpal,
                  | rF- rC+ Int+5} (You bought it in a shop on level 2 of the
                  | Orcish Mines)
 11111 | Orc:2    | Bought a scroll of enchant armour for 97 gold pieces
 11111 | Orc:2    | Bought a scroll of enchant weapon for 97 gold pieces
 11111 | Orc:2    | Bought a scroll of blinking for 97 gold pieces
 11266 | Lair:1   | Entered Level 1 of the Lair of Beasts
 11670 | Lair:2   | Found a staircase to the Snake Pit.
 11814 | Lair:2   | Found a staircase to the Shoals.
 12241 | Lair:3   | Reached skill level 10 in Evocations
 12638 | Lair:4   | Found an opulent altar of Gozag.
 12805 | Lair:4   | Found the +12 glaive of Prune {vorpal}
 13624 | Snake:1  | Entered Level 1 of the Snake Pit
 13683 | Snake:1  | Reached XP level 15. HP: 97/146 MP: 7/7
 14008 | Snake:3  | Found a stormy altar of Qazlal.
 14125 | Snake:4  | Entered Level 4 of the Snake Pit
 14137 | Snake:4  | Reached skill level 15 in Axes
 14322 | Snake:4  | Noticed a nagaraja
 14353 | Snake:4  | Killed a nagaraja
 14370 | Snake:4  | Reached skill level 15 in Invocations
 14380 | Snake:4  | Noticed a nagaraja
 14399 | Snake:4  | Killed a nagaraja
 14429 | Snake:4  | Noticed a nagaraja
 14435 | Snake:4  | Killed a nagaraja
 14438 | Snake:4  | Noticed a nagaraja
 14440 | Snake:4  | Reached XP level 16. HP: 156/158 MP: 4/4
 14486 | Snake:4  | Reached skill level 16 in Axes
 14491 | Snake:4  | Got a serpentine rune of Zot
 14734 | Shoals:1 | Entered Level 1 of the Shoals
 14734 | Shoals:1 | Identified Roxanne's Catalogue of the Mountains
 14734 | Shoals:1 | Noticed Roxanne
 14763 | Shoals:1 | Killed Roxanne
 14795 | Shoals:2 | Noticed Polyphemus
 14811 | Shoals:2 | Hit by a death yak thrown by Polyphemus

Illustrated notes

Levels and vault maps discovered:
D:1:      dpeg_arrival_tiny_h, layout_loops_corners, minmay_pentomino_w2
D:2:      layout_rooms, chequers_ecumenical_altar_twisty, uniq_natasha
D:3:      layout_loops_ring, nicolae_overflow_crystal_walls, uniq_jessica
D:4:      layout_basic, makhleb_altar_promises_db, minmay_temple_entry_waves,
          minmay_box_of_dots, uniq_ijyb, uniq_crazy_yiuf_cottage, uniq_edmund
D:5:      layout_rooms, led_sif_pool, overflow_temple_1_default,
          minmay_misc_feat_four_crosses, nicolae_elemental_shop,
          grunt_ministairs_7, minmay_misc_feat_pillars, saegor_snake_ambush,
          uniq_sigmund
D:6:      layout_loops_ring, eat_drink_and_be_merry_uskayaw, uniq_duvessa,
          uniq_pikel
D:7:      layout_loops_ring, chequers_temple_overflow_minitemple,
          chequers_serial_rivers_micro_d
D:8:      minmay_ornate_pinched, layout_gridville,
          lemuel_mausoleum_altar_yredelemnul, lair_entry_dummy
D:9:      layout_irregular_city, orc_david_3, serial_shops, shop_scrolls
D:10:     layout_rooms, uniq_erica, uniq_erolcha
D:11:     layout_roguey, serial_shops, nicolae_shop_statue_plus,
          serial_bayou_pond_d, grunt_ogre_cave, kennysheep_generic_room_11
D:12:     layout_roguey, hangedman_decor_slide_cut
D:13:     layout_rooms, grunt_vaults_entry_fortified
D:14:     layout_roguey, minmay_misc_feat_room, uniq_snorg
D:15:     grunt_enter_depths_hoard, layout_irregular_city,
          minmay_misc_feat_rows, nicolae_ru_awakened_eye
Lair:1:   layout_chaotic_city
Lair:2:   layout_roguey, elwin_shoals_entry_rocks, dummy_snake_entry,
          st_stairs_12, grunt_megastairs_1
Lair:3:   layout_misc_corridors
Lair:4:   layout_layer_cave, basic_altar, minmay_hedge_maze,
          serial_bayou_shore_b, infiniplex_staircase_pool_2, lemuel_fruit_tree
Shoals:1: layout_shoals, nicolae_shoals_aquamancer_cove, uniq_josephine,
          uniq_donald, uniq_roxanne
Shoals:2: layout_shoals, uniq_polyphemus
Snake:1:  layout_misc_corridors, uniq_jorgrun
Snake:2:  nrook_guardian_serpent_snake_passage, layout_chambers,
          grunt_megastairs_2
Snake:3:  cheibrodos_snake_ritualist_ritual, layout_grid_maze, basic_altar,
          nicolae_snake_lava_pool
Snake:4:  grunt_snake_rune_pools, layout_cave_town
Orc:1:    layout_diamond_mine, special_room [special_room_orc], rock_pile
Orc:2:    pubby_orc_utopia, uniq_saint_roka

Skill      XL: |  1  2  3  4  5  6  7  8  9 10 11 12 13 14 15 16 |
---------------+-------------------------------------------------+-----
Fighting       | 3 4 5 6 7 8 9 11 12 13 | 13.9
Axes           | 3 4 5 7 8 10 11 12 13 14 15 16 | 16.1
Armour         | 4 5 6 7 8 9 10 11 12 | 12.1
Shields        | 4 5 6 7 8 9 10 11 12 | 12.0
Invocations    | 1 2 3 4 6 7 9 10 12 13 15 | 15.0
Evocations     | 3 5 7 9 10 | 10.0

Action                   |  1- 3 |  4- 6 |  7- 9 | 10-12 | 13-15 | 16-18 || total
-------------------------+-------+-------+-------+-------+-------+-------++-------
Melee: War axe           |    25 |    90 |   511 |  1038 |   776 |       ||  2440
       Broad axe         |       |       |       |       |   439 |    71 ||   510
Invok: Lesser Servant of |       |       |       |       |    15 |       ||    15
       Greater Servant o |       |       |       |       |     5 |     2 ||     7
 Abil: Heal Wounds       |       |     5 |    12 |    19 |    59 |     1 ||    96
Evoke: Wand              |       |       |       |     1 |    19 |       ||    20
       Condenser vane    |       |       |       |       |     2 |       ||     2
  Use: Potion            |       |     1 |       |       |     5 |       ||     6
       Scroll            |       |     2 |     9 |     4 |    13 |       ||    28
 Stab: Confused          |       |       |       |     1 |       |       ||     1
       Distracted        |       |       |       |       |     5 |     1 ||     6
Armor: Scale mail        |     7 |    43 |   289 |   123 |       |       ||   462
       Plate armour      |       |       |       |   345 |   754 |    52 ||  1151
Dodge: Dodged            |     7 |    44 |   184 |   222 |   167 |    15 ||   639
Block: Kite shield       |     7 |    63 |   310 |   845 |       |       ||  1225
       Reflection        |       |       |       |    23 |       |       ||    23
       Tower shield      |       |       |       |    36 |  1298 |    57 ||  1391

Table legend: (Time is in decaauts)
 A = Elapsed time spent in this place.
 B = Non-inter-level travel time spent in this place.
 C = Inter-level travel time spent in this place.
 D = Time resting spent in this place.
 E = Time spent auto-exploring this place.
 F = Levels seen in this place.
 G = Mean time per level.
                   A        B        C        D        E       F      G
               +--------+--------+--------+--------+--------+-----+--------+
         Total |  14918 |  13835 |   1083 |     21 |   8822 |  27 |  552.5 |
       Dungeon |   9542 |   8978 |    564 |     21 |   5572 |  15 |  636.1 |
          Lair |   2399 |   2231 |    168 |      0 |   1924 |   4 |  599.8 |
        Shoals |     78 |     73 |      5 |      0 |      0 |   2 |   39.0 |
     Snake Pit |   1039 |    811 |    228 |      0 |    340 |   4 |  259.8 |
  Orcish Mines |   1857 |   1741 |    116 |      0 |    985 |   2 |  928.5 |
               +--------+--------+--------+--------+--------+-----+--------+

Top non-repeatable levels by time:
   Orc:2: 1435 daAuts
    D:15: 1134 daAuts
  Lair:4: 967 daAuts
     D:6: 882 daAuts
     D:4: 878 daAuts
     D:8: 850 daAuts
    D:13: 843 daAuts
     D:9: 810 daAuts
    D:11: 749 daAuts
    D:12: 705 daAuts
  Lair:2: 703 daAuts
     D:7: 682 daAuts
    D:14: 647 daAuts
     D:5: 618 daAuts
  Lair:3: 595 daAuts
